 Dungeon Crawl Stone Soup version 0.19-a0-1878-gcbc8a98 (webtiles) character file.

33 Djon the Ducker (level 3, -1/26 HPs)
             Began as an Octopode Monk on Oct 13, 2016.
             Was a Believer of Okawaru.
             Slain by Grinder (3 damage)
             ... while paralysed by Grinder
             ... on level 3 of the Dungeon.
             The game lasted 00:01:49 (1564 turns).

Djon the Ducker (Octopode Monk)                     Turns: 1564, Time: 00:01:49

Health: -1/26      AC:  1    Str: 10    XL:     3   Next: 29%
Magic:  1/3        EV:  2    Int: 13    God:    Okawaru [**....]
Gold:   83         SH:  0    Dex: 14    Spells: 0 memorised, 2 levels left

rFire  . . .     SeeInvis .       - Unarmed
rCold  . . .     Gourm    .     c - +0 buckler
rNeg   . . .     Faith    .     (helmet restricted)
rPois  .         Spirit   .     (no amulet)
rElec  .         Dismiss  .     (no ring)
rCorr  .         Reflect  .     (no ring)
MR     .....     Harm     .     (no ring)
Stlth  +++++.....               (no ring)
                                (no ring)
                                (no ring)
                                (no ring)
                                (no ring)

@: paralysed, heroism
A: almost no armour, stealthy swim, amphibious, 8 rings, constrict 8, camouflage
1, gelatinous body 1
a: Heroism, Renounce Religion


You were on level 3 of the Dungeon.
You worshipped Okawaru.
Okawaru was pleased with you.
You were not hungry.

You visited 1 branch of the dungeon, and saw 3 of its levels.

You collected 83 gold pieces.

Inventory:

Missiles
 n - 4 tomahawks (quivered)
Armour
 c - a +0 buckler (worn)
Jewellery
 d - an uncursed ring of wizardry {unknown}
Scrolls
 e - a scroll of fog {unknown}
 g - 2 scrolls of identify {unknown}
 h - 3 scrolls of fear {unknown}
 m - 2 scrolls of remove curse {unknown}
Potions
 b - 2 potions of flight {unknown}
 f - a potion of brilliance {unknown}
 j - 3 potions of heal wounds {unknown}
 k - 2 potions of curing {unknown}
Comestibles
 a - a bread ration
 i - a meat ration
 l - a royal jelly


   Skills:
 + Level 3.6(8.6) Fighting
 + Level 3.7(8.7) Dodging
 - Level 2.6(7.6) Stealth
 - Level 3.0(8.0) Unarmed Combat


You had 2 spell levels left.
You didn't know any spells.

Dungeon Overview and Level Annotations

Branches:
Dungeon (3/15)

Altars:
Kikubaaqudgha
Okawaru

Annotations:
D:3 Grinder


Innate Abilities, Weirdness & Mutations

You cannot wear most types of armour.
You are very stealthy in the water. (Stealth+)
You are amphibious.
You can wear up to eight rings at the same time.
You can use your tentacles to constrict eight enemies at once.
Your skin changes colour to match your surroundings (Stealth+).
Your rubbery body absorbs attacks. (AC +1, EV +1)


Message History

Grinder hits you.
A jackal comes into view.
You barely miss Grinder. Your grab misses Grinder. Grinder gestures at you.
You resist with significant effort.
You tentacle-slap Grinder. Your grab misses Grinder. You squeeze Grinder.
Grinder is lightly wounded.
You block Grinder's attack.
A jackal comes into view.
You tentacle-slap Grinder. Your grab misses Grinder.
Your squeeze misses Grinder.
Grinder is moderately wounded.
Grinder gestures at you.
You suddenly lose the ability to move!
Grinder hits you.
You writhe in agony.
The jackal bites you but does no damage.
The jackal bites you. Grinder hits you!
* * * LOW HITPOINT WARNING * * *
You writhe in agony.
You die...

.............
#.......##..# .#
#.#.....###..
#...##..##..# #
.....##..
#...#...##..##..#
#.#..#
..##.#.#...##[.##..#
.....#
.......†............
####.#
##.#.#...........#.
. ..
....................
..
.####....###..#..##.
### #!..@# #..#..#
...$...h5....#..#
####.#...h.......
#.........#.
#.#..###..# #.##.#
.... # #.. .#. ... #


You could see Grinder and 2 jackals.

Vanquished Creatures
  An ooze (D:1)
  A worm (D:3)
  A dart slug (D:1)
  6 bats
  2 giant cockroaches
  4 goblins
  2 hobgoblins (D:1)
  4 kobolds
  3 frilled lizards
24 creatures vanquished.

Notes
Turn   | Place    | Note
-------+----------+-------------------------------------------
     0 | D:1      | Djon the Octopode Monk began the quest for the Orb.
     0 | D:1      | Reached XP level 1. HP: 16/16 MP: 1/1
   145 | D:1      | Reached XP level 2. HP: 16/21 MP: 2/2
  1055 | D:2      | Found an iron altar of Okawaru.
  1059 | D:2      | Became a worshipper of Warmaster Okawaru
  1059 | D:2      | Reached * piety under Okawaru
  1059 | D:2      | Reached ** piety under Okawaru
  1069 | D:2      | Found an ancient bone altar of Kikubaaqudgha.
  1116 | D:2      | Reached XP level 3. HP: 26/26 MP: 3/3
  1554 | D:3      | Noticed Grinder
  1562 | D:3      | Paralysed by Grinder for 4 turns
  1564 | D:3      | Slain by Grinder

Vault maps used:
D:1:      dpeg_arrival_houses_and_road, kennysheep_nondescript, st_stairs_13,
          supply_closet_lemuel
D:2:      lemuel_crystal_altar, okawaru_metal_pillars_3
D:3:      serial_glass, glass_columns_c, glass_columns_a, glass_columns_c,
          glass_columns_a, item_on_display_a, minmay_strange_pillars,
          minmay_misc_feat_square, uniq_grinder

Action                   || total
-------------------------++-------
Melee: Unarmed           ||    52
       Tentacles         ||    12
       Constrict         ||    10
Invok: Heroism           ||     1
 Stab: Sleeping          ||     6
       Distracted        ||     1
  Eat: Chunk             ||     2
Armor: Skin              ||     4
Dodge: Dodged            ||    24
Block: Buckler           ||     5
